[Event "Titled Tuesday Blitz January 31 Late 2023"]
[White "Klekowski, Maciej"]
[Black "Kamsky, Gata"]
[WhiteFideId "1132717"]
[BlackFideId "2000024"]
[WhiteElo "2477"]
[BlackElo "2665"]
[Result "0-1"]
[Round "03"]
[TimeControl "180+2"]
[Date "2023.01.31"]
[WhiteClock "0:00:02"]
[BlackClock "0:00:17"]

1. c4 g6 2. Nc3 Bg7 3. g3 Nf6 4. Bg2 O-O 5. d4 c6 6. e4 d6 7. Nge2 a6 8. a4 a5 9. O-O e5 10. h3 Re8 11. d5 Na6 12. Be3 Nc5 13. Qc2 cxd5 14. cxd5 b6 15. Nb5 Rf8 16. Nec3 Ne8 17. f3 f5 18. Bf2 Bd7 19. Rab1 Rc8 20. b4 axb4 21. Rxb4 h5 22. Na3 f4 23. Nc4 fxg3 24. Bxg3 Na6 25. Rfb1 Nxb4 26. Rxb4 Qg5 27. Kh2 h4 28. Bf2 Nf6 29. Nxd6 Rc7 30. Rc4 Rxc4 31. Nxc4 Nh5 32. Ne2 b5 33. Nb6 Nf4 34. Nxf4 Qxf4+ 35. Kg1 Bxh3 36. Bxh3 Qxf3 37. Bg2 Qg4 38. Qd3 bxa4 39. Nxa4 Ra8 40. Nc5 Ra1+ 41. Kh2 Bh6 42. Ne6 Bf4+ 43. Nxf4 Qxf4+ 44. Bg3 Qxg3+ 45. Qxg3 hxg3+ 46. Kxg3 Rd1 47. Bf3 Rd4 48. Kg4 Kg7 49. Kg5 Rd3 50. Bg4 Re3 51. d6 Rxe4 52. d7 Rd4 53. Be6 Rd6 54. Bg4 Kf7 55. Bh3 Ke7 56. Bg4 Rxd7 0-1


[Site "https://www.chess.com"]

[Event "Titled Tuesday Blitz January 31 Late 2023"]
[White "Papasimakopoulos, Alexandros"]
[Black "Melkumyan, Hrant"]
[WhiteFideId "4244125"]
[BlackFideId "13302485"]
[WhiteElo "2401"]
[BlackElo "2645"]
[Result "0-1"]
[Round "03"]
[TimeControl "180+2"]
[Date "2023.01.31"]
[WhiteClock "0:00:17"]
[BlackClock "0:01:08"]

1. d4 Nf6 2. c4 g6 3. Nf3 Bg7 4. g3 b6 5. Bg2 Bb7 6. O-O O-O 7. b3 a5 8. Nc3 Ne4 9. Bb2 Nxc3 10. Bxc3 Na6 11. Qd2 d6 12. Rfe1 Be4 13. Bf1 Bxf3 14. exf3 e6 15. f4 d5 16. Rac1 c6 17. a3 Qd7 18. b4 axb4 19. axb4 dxc4 20. Bxc4 Nc7 21. Qd3 b5 22. Bb3 Nd5 23. Bd2 Ra3 24. h4 h5 25. Rc2 Rd8 26. Rec1 Ne7 27. Be3 Bxd4 28. Rd1 Nf5 29. Rcd2 Bxe3 30. Qxe3 Nxe3 31. Rxd7 Rxd7 32. Rxd7 Rxb3 33. fxe3 Rxe3 34. Kf2 Rc3 35. Rc7 Kg7 36. Kg2 Kf6 37. Kf2 Rc4 38. Kf3 e5 39. fxe5+ Ke6 40. Ke3 Rxb4 41. Rxc6+ Kxe5 42. Rc7 Ke6 43. Rb7 Rg4 44. Rb6+ Ke7 45. Rb7+ Kf6 46. Rb6+ Kg7 47. Kf3 b4 48. Kf2 f5 49. Kf3 Kf7 50. Kf2 Ke7 51. Kf3 Kd7 52. Rxb4 Rxb4 0-1


[Site "https://www.chess.com"]

[Event "Titled Tuesday Blitz January 31 Late 2023"]
[White "Maximov, Dmitry"]
[Black "Zhigalko, Sergei"]
[WhiteFideId "14105659"]
[BlackFideId "13502956"]
[WhiteElo "2497"]
[BlackElo "2572"]
[Result "1-0"]
[Round "03"]
[TimeControl "180+2"]
[Date "2023.01.31"]
[WhiteClock "0:00:10"]
[BlackClock "0:00:08"]

1. e4 c5 2. Nf3 Nc6 3. Bb5 Nf6 4. Bxc6 dxc6 5. Qe2 Bg4 6. a4 Nd7 7. h3 Bh5 8. Ra3 e5 9. Rd3 c4 10. Rc3 b5 11. g4 Bg6 12. h4 h5 13. g5 Bb4 14. Re3 Bc5 15. Rc3 O-O 16. b3 Bd4 17. axb5 cxb5 18. bxc4 Bxc3 19. Nxc3 bxc4 20. Qxc4 Qa5 21. O-O Rac8 22. Qe2 Rfe8 23. Re1 Nc5 24. Qe3 Ne6 25. Nd5 Rxc2 26. Nxe5 Nc5 27. Nc6 Qa4 28. Nce7+ Kh7 29. d3 Nb3 30. Nxg6 fxg6 31. Qf4 Nxc1 32. Qf7 Kh8 33. Qxg6 Qc6 34. Qxh5+ Kg8 35. g6 Qe6 36. Re3 Ne2+ 37. Kf1 Nf4 38. Nxf4 Qf6 39. Rf3 Kf8 40. Ne6+ Rxe6 41. Rxf6+ Rxf6 42. Qh8+ Ke7 43. Qxg7+ Ke6 44. Qg8+ Ke7 45. Qg7+ Ke6 46. Qxa7 Rc1+ 47. Ke2 Rxg6 48. Qb6+ Kf7 49. Qb7+ Kg8 50. Qb8+ Kh7 51. h5 Rg7 52. Qe5 Rgc7 53. Qf5+ Kh8 54. Qf6+ Kh7 55. Qg6+ Kh8 56. h6 R1c6 57. Qf5 Kg8 58. Qg5+ Kh7 59. f4 Rxh6 60. e5 Rg7 61. Qf5+ Kh8 62. Ke3 Rhg6 63. Ke4 Kg8 64. d4 Rg1 65. Qe6+ Kh7 66. d5 Rf1 67. d6 Re1+ 68. Kf5 Rd1 69. Qf6 Rh1 70. Ke6 Rh6 71. d7 Rg8 72. Ke7 Rxf6 73. exf6 Ra8 74. d8=Q Rxd8 75. Kxd8 Kg6 76. Ke7 Kf5 77. f7 Kxf4 78. f8=Q+ Ke5 79. Qf6+ Ke4 80. Qe6+ Kd3 81. Kd6 Kc2 82. Qd5 Kb1 83. Qd2 Ka1 84. Kc5 Kb1 85. Kb4 Ka1 86. Kb3 Kb1 87. Qb2# 1-0


[Site "https://www.chess.com"]

[Event "Titled Tuesday Blitz January 31 Late 2023"]
[White "Jones, Gawain C B"]
[Black "Tan, Zhongyi"]
[WhiteFideId "409561"]
[BlackFideId "8603642"]
[WhiteElo "2618"]
[BlackElo "2517"]
[Result "0-1"]
[Round "03"]
[TimeControl "180+2"]
[Date "2023.01.31"]
[WhiteClock "0:00:26"]
[BlackClock "0:00:24"]

1. Nf3 d5 2. c4 d4 3. b4 c5 4. g3 cxb4 5. a3 e6 6. axb4 Bxb4 7. Qa4+ Nc6 8. Ne5 Ne7 9. Bg2 a5 10. Ba3 Bxa3 11. Nxa3 O-O 12. Nxc6 bxc6 13. c5 Ba6 14. Nc4 Bb5 15. Qc2 Nd5 16. Nd6 d3 17. Qb3 a4 18. Qa3 dxe2 19. d3 Qf6 20. Kxe2 Nc3+ 21. Kf1 Bxd3+ 22. Kg1 Ne2+ 23. Kf1 Nxg3+ 24. Kg1 Ne2+ 25. Kf1 Nf4+ 26. Ke1 Nxg2+ 27. Kd2 Nf4 28. Rhg1 Bg6 29. Rg3 Qd4+ 30. Ke1 Nd3+ 31. Kd2 Nxc5+ 32. Ke2 Qxd6 33. Qc3 Ne4 0-1


[Site "https://www.chess.com"]

[Event "Titled Tuesday Blitz January 31 Late 2023"]
[White "Ivic, Velimir"]
[Black "Taspinar, Yanki"]
[WhiteFideId "950122"]
[BlackFideId "34561188"]
[WhiteElo "2595"]
[BlackElo "2262"]
[Result "1-0"]
[Round "03"]
[TimeControl "180+2"]
[Date "2023.01.31"]
[WhiteClock "0:00:07"]
[BlackClock "0:00:01"]

1. d4 d5 2. c4 c6 3. Nf3 Nf6 4. e3 g6 5. Nc3 Bg7 6. Be2 O-O 7. O-O Bg4 8. b3 Bxf3 9. Bxf3 e6 10. Bb2 Nbd7 11. Rc1 Rc8 12. g3 Qe7 13. Bg2 Rfd8 14. Qc2 b6 15. Rfd1 Ne8 16. Qe2 Nef6 17. h3 Qb4 18. Rc2 Qd6 19. Rdc1 Qb8 20. Nb1 dxc4 21. Rxc4 c5 22. Nd2 cxd4 23. Bxd4 Ne8 24. Nf3 Bxd4 25. Nxd4 Ne5 26. R4c2 Rxc2 27. Qxc2 Nd6 28. f4 Rc8 29. Qd1 Rxc1 30. Qxc1 Nd7 31. Qc6 Nf8 32. g4 Ne8 33. Qb7 Qxb7 34. Bxb7 Nc7 35. Kf2 Nd7 36. Bf3 Kf8 37. Ke2 Nb8 38. g5 Ke7 39. h4 Kd6 40. Kd3 Nd7 41. b4 Nb8 42. h5 e5 43. Nb3 Nd7 44. Nd2 Ne6 45. Nc4+ Ke7 46. hxg6 hxg6 47. Ke4 exf4 48. exf4 f5+ 49. Ke3 Kd8 50. Bd5 Ke7 51. a4 Nc7 52. Bf3 Ke6 53. a5 bxa5 54. bxa5 Nd5+ 55. Bxd5+ Kxd5 56. Nd2 Kc5 57. Nf3 Kd5 58. Nh4 Nf8 59. Kd3 Kc5 60. Kc3 Kd5 61. Kd3 Kc5 62. Nf3 Ne6 63. Ke3 Kd5 64. Ne5 Nf8 65. a6 Kc5 66. Kd3 Kb6 67. Kc4 Kxa6 68. Kd5 Kb7 69. Nc6 Nd7 70. Ne7 a5 71. Nxg6 a4 72. Kc4 Kc6 73. Ne7+ Kd6 74. Nxf5+ Ke6 75. Ne3 a3 76. Kb3 Nc5+ 77. Kxa3 Nd3 78. f5+ Ke5 79. Kb3 Nc5+ 80. Kc4 Ne4 81. g6 Kf6 82. Kd5 Nc3+ 83. Kd4 Ne2+ 84. Ke4 Ng3+ 85. Kf4 Ne2+ 86. Kg4 Nc3 87. Kh5 Ne4 88. Kh6 Nd6 89. Kh7 Ne8 90. Kh6 Ke7 91. Nd5+ Kf8 92. f6 Nd6 93. Kh7 Ne8 94. g7+ Kf7 95. g8=Q# 1-0


[Site "https://www.chess.com"]

[Event "Titled Tuesday Blitz January 31 Late 2023"]
[White "Gubajdullin, Alexei"]
[Black "Kravtsiv, Martyn"]
[WhiteFideId "4141202"]
[BlackFideId "14113147"]
[WhiteElo "2285"]
[BlackElo "2598"]
[Result "0-1"]
[Round "03"]
[TimeControl "180+2"]
[Date "2023.01.31"]
[WhiteClock "0:00:07"]
[BlackClock "0:00:20"]

1. d4 Nf6 2. Nf3 e6 3. Bf4 b6 4. e3 Bb7 5. h3 d5 6. Bd3 Bd6 7. Ne5 O-O 8. Nd2 Nbd7 9. c3 Ne4 10. Qc2 f5 11. h4 Bxe5 12. dxe5 Ndc5 13. Be2 Nxd2 14. Qxd2 a5 15. h5 Qe7 16. h6 g6 17. f3 Kf7 18. Rg1 Qh4+ 19. g3 Qh2 20. O-O-O Ba6 21. Rge1 Qg2 22. Kb1 Bxe2 23. Qxe2 Qxe2 24. Rxe2 a4 25. Bg5 b5 26. Rd4 Ke8 27. Bf6 Rf7 28. g4 c6 29. Rg2 Kd7 30. Rf4 Kc7 31. gxf5 exf5 32. Rh4 Nd7 33. Bg7 Re8 34. e4 Nxe5 35. Bxe5+ Rxe5 36. Rxg6 hxg6 37. h7 Re8 38. h8=Q Rxh8 39. Rxh8 fxe4 40. fxe4 dxe4 41. Re8 Rf1+ 42. Kc2 Rf2+ 43. Kc1 Re2 44. b3 Rxa2 45. Rxe4 axb3 46. Rb4 Rc2+ 47. Kb1 Rxc3 48. Rg4 Rc2 49. Rxg6 Re2 50. Rg3 b2 51. Rg5 Kb6 52. Rh5 c5 53. Rh4 c4 54. Rg4 Kc5 55. Ka2 Kb4 56. Rg1 b1=Q+ 57. Kxb1 Kb3 58. Rg5 Re1# 0-1


[Site "https://www.chess.com"]

[Event "Titled Tuesday Blitz January 31 Late 2023"]
[White "Kanakaris, Georgios"]
[Black "Moroni, Luca Jr"]
[WhiteFideId "4209460"]
[BlackFideId "865834"]
[WhiteElo "2391"]
[BlackElo "2535"]
[Result "0-1"]
[Round "03"]
[TimeControl "180+2"]
[Date "2023.01.31"]
[WhiteClock "0:00:06"]
[BlackClock "0:00:08"]

1. d4 d6 2. Nf3 g6 3. g3 Bg7 4. Bg2 Bd7 5. O-O Qc8 6. Re1 Nc6 7. e4 Bh3 8. Bh1 h5 9. d5 Ne5 10. Nxe5 Bxe5 11. f4 Bg7 12. e5 h4 13. Nc3 hxg3 14. hxg3 Bg4 15. Qd3 Bf5 16. Be4 Nh6 17. Qb5+ Kf8 18. Bg2 Bh3 19. e6 Bxg2 20. Kxg2 Nf5 21. Bd2 fxe6 22. dxe6 c5 23. Nd5 Qc6 24. Qd3 Bxb2 25. Rab1 c4 26. Qe4 Bg7 27. Rh1 c3 28. g4 Nh4+ 29. Rxh4 Rxh4 30. Kg3 cxd2 31. Qxg6 Qe8 32. Qf5+ Kg8 33. Kxh4 Rc8 34. Rh1 Rc5 35. c4 b5 36. Kg3 bxc4 37. Qh7+ Kf8 38. Qf5+ Kg8 39. Qh7+ Kf8 40. Qf5+ Bf6 41. Rh8+ Kg7 42. Rxe8 d1=Q 43. Qh5 Qe1+ 44. Kg2 Qe2+ 45. Kg3 Qd3+ 46. Kg2 Qe4+ 47. Kg3 Bh4+ 48. Kxh4 Qh1+ 49. Kg5 Qxh5+ 50. gxh5 Rxd5+ 51. f5 c3 52. Rxe7+ Kf8 53. Rc7 Rc5 54. Rxc5 dxc5 55. h6 c2 56. Kf6 c1=Q 57. e7+ Ke8 58. Kg6 Qg1+ 59. Kf6 Qd4+ 60. Ke6 Qe4+ 61. Kf6 Qxe7+ 62. Kg6 Qf7+ 0-1


[Site "https://www.chess.com"]

[Event "Titled Tuesday Blitz January 31 Late 2023"]
[White "Urazayev, Arystanbek"]
[Black "Chor, Kevin"]
[WhiteFideId "13709810"]
[BlackFideId "2090740"]
[WhiteElo "2460"]
[BlackElo "1944"]
[Result "1-0"]
[Round "03"]
[TimeControl "180+2"]
[Date "2023.01.31"]
[WhiteClock "0:01:32"]
[BlackClock "0:00:12"]

1. e4 c5 2. Nf3 g6 3. c3 Bg7 4. d4 cxd4 5. cxd4 d5 6. exd5 Nf6 7. Nc3 O-O 8. Bc4 Nbd7 9. O-O Nb6 10. Bb3 Nfxd5 11. Re1 e6 12. Bg5 Qc7 13. Rc1 Nxc3 14. Rxc3 Qd6 15. Qd2 Bd7 16. Bf4 Qb4 17. a3 Qb5 18. Ne5 Rac8 19. a4 Nxa4 20. Bxa4 Qxa4 21. Ra3 Qb5 22. Ra5 Bxe5 23. Bxe5 Qc6 24. Bf6 e5 25. dxe5 Rfe8 26. Raa1 Re6 27. Rac1 Qb6 28. Rxc8+ Bxc8 29. Qh6 1-0


[Site "https://www.chess.com"]

[Event "Titled Tuesday Blitz January 31 Late 2023"]
[White "Grigoriants, Sergey"]
[Black "Crevatin, Leo"]
[WhiteFideId "4130804"]
[BlackFideId "1726307"]
[WhiteElo "2562"]
[BlackElo "2292"]
[Result "1/2-1/2"]
[Round "03"]
[TimeControl "180+2"]
[Date "2023.01.31"]
[WhiteClock "0:02:16"]
[BlackClock "0:01:21"]

1. d4 Nf6 2. c4 e6 3. Nc3 Bb4 4. e3 O-O 5. Bd3 d5 6. Ne2 dxc4 7. Bxc4 c5 8. a3 Bxc3+ 9. bxc3 Qc7 10. Bd3 Nc6 11. e4 cxd4 12. cxd4 Nxd4 13. O-O Nxe2+ 14. Qxe2 Bd7 15. Bb2 Bc6 16. Bxf6 gxf6 17. Qg4+ Kh8 18. Qh4 Qe5 19. f4 Qd4+ 20. Kh1 Rg8 21. Rad1 Bxe4 22. Bxe4 Qxe4 23. Qxf6+ Rg7 24. Rd8+ Rxd8 25. Qxd8+ Rg8 26. Qf6+ Rg7 27. Qd8+ Rg8 28. Qf6+ Rg7 29. Qd8+ 1/2-1/2


[Site "https://www.chess.com"]

[Event "Titled Tuesday Blitz January 31 Late 2023"]
[White "Liu, Eric"]
[Black "Ibarra Jerez, Jose Carlos"]
[WhiteFideId "30960240"]
[BlackFideId "2226332"]
[WhiteElo "2299"]
[BlackElo "2563"]
[Result "0-1"]
[Round "03"]
[TimeControl "180+2"]
[Date "2023.01.31"]
[WhiteClock "0:00:15"]
[BlackClock "0:01:20"]

1. Nf3 d6 2. e3 Nf6 3. b3 g6 4. Bb2 e5 5. c4 Bg7 6. Be2 O-O 7. O-O Re8 8. d3 Nh5 9. Nc3 f5 10. Kh1 c6 11. Nd2 Nf6 12. b4 g5 13. f4 exf4 14. exf4 g4 15. d4 d5 16. Qb3 Be6 17. Rae1 Nbd7 18. c5 Nf8 19. g3 Ng6 20. Bd3 Qd7 21. a4 h5 22. b5 h4 23. Qc2 Ne7 24. Nd1 Nh5 25. Kg2 Rf8 26. Re2 Ng6 27. Rfe1 Ngxf4+ 28. gxf4 Nxf4+ 29. Kh1 Nxe2 30. Rxe2 Rae8 31. Nf1 f4 32. Qd2 g3 33. hxg3 hxg3 34. Re5 Bxe5 35. dxe5 Qg7 36. Qg2 Qg4 37. Nc3 Qh4+ 38. Kg1 Bh3 39. Qh1 g2 0-1


[Site "https://www.chess.com"]

[Event "Titled Tuesday Blitz January 31 Late 2023"]
[White "Djokic, Mihailo"]
[Black "Van Foreest, Lucas"]
[WhiteFideId "976440"]
[BlackFideId "1039792"]
[WhiteElo "2192"]
[BlackElo "2556"]
[Result "0-1"]
[Round "03"]
[TimeControl "180+2"]
[Date "2023.01.31"]
[WhiteClock "0:00:17"]
[BlackClock "0:01:57"]

1. e4 b5 2. Bxb5 Bb7 3. Nc3 f5 4. exf5 Bxg2 5. Qh5+ g6 6. fxg6 Bg7 7. gxh7+ Kf8 8. hxg8=Q+ Kxg8 9. Qg5 Bxh1 10. Nd5 Nc6 11. Bc4 e6 12. Qxd8+ Rxd8 13. Nxc7 Nd4 14. Bd3 Rxh2 15. c3 Nf3+ 16. Kf1 Bg2+ 17. Ke2 Nxg1+ 0-1


[Site "https://www.chess.com"]

[Event "Titled Tuesday Blitz January 31 Late 2023"]
[White "Iskusnyh, Sergei"]
[Black "Boruchovsky, Avital"]
[WhiteFideId "4120027"]
[BlackFideId "2800055"]
[WhiteElo "2440"]
[BlackElo "2539"]
[Result "0-1"]
[Round "03"]
[TimeControl "180+2"]
[Date "2023.01.31"]
[WhiteClock "0:00:07"]
[BlackClock "0:00:20"]

1. d4 d6 2. Nf3 Nf6 3. c4 h6 4. g3 Bf5 5. Bg2 c6 6. O-O Nbd7 7. Nc3 e5 8. Re1 Be7 9. e4 Bh7 10. b3 O-O 11. Bb2 Ne8 12. Qd2 Nc7 13. Rad1 Ne6 14. dxe5 Nxe5 15. Nd4 Nxd4 16. Qxd4 f6 17. f4 Nf7 18. Kh1 Re8 19. Bh3 Bf8 20. c5 Qc7 21. cxd6 Nxd6 22. e5 fxe5 23. fxe5 Nf7 24. e6 Ng5 25. Bg2 Nxe6 26. Qc4 Qf7 27. Rf1 Qe7 28. Rde1 Qc5 0-1


[Site "https://www.chess.com"]

[Event "Titled Tuesday Blitz January 31 Late 2023"]
[White "Bacrot, Etienne"]
[Black "Martinez Reyes, Pedro Ramon"]
[WhiteFideId "605506"]
[BlackFideId "3901807"]
[WhiteElo "2667"]
[BlackElo "2376"]
[Result "1-0"]
[Round "03"]
[TimeControl "180+2"]
[Date "2023.01.31"]
[WhiteClock "0:02:20"]
[BlackClock "0:00:35"]

1. e3 e5 2. d4 e4 3. c4 Nf6 4. Nc3 c6 5. d5 Bb4 6. Ne2 O-O 7. a3 Bd6 8. h3 Be5 9. g4 h6 10. Bg2 Re8 11. Nxe4 Nxe4 12. Bxe4 Bxb2 13. Bxb2 Rxe4 14. Qd3 Re8 15. d6 c5 16. Ng3 b5 17. Nf5 Bb7 18. O-O Re6 19. Nxg7 Rg6 20. Nf5 Nc6 21. cxb5 c4 22. Qc3 Kh7 23. bxc6 Bxc6 24. Qxc4 Qg8 25. Ne7 1-0


[Site "https://www.chess.com"]

[Event "Titled Tuesday Blitz January 31 Late 2023"]
[White "Migot, Tangi"]
[Black "Srbis, Jurica"]
[WhiteFideId "662445"]
[BlackFideId "14515555"]
[WhiteElo "2373"]
[BlackElo "2433"]
[Result "1-0"]
[Round "03"]
[TimeControl "180+2"]
[Date "2023.01.31"]
[WhiteClock "0:00:44"]
[BlackClock "0:00:05"]

1. d4 Nf6 2. Nd2 d5 3. c4 c6 4. Ngf3 e6 5. e3 Nbd7 6. Bd3 Bd6 7. O-O O-O 8. e4 dxe4 9. Nxe4 Nxe4 10. Bxe4 Nf6 11. Bc2 c5 12. Bg5 h6 13. Bh4 cxd4 14. Qd3 Re8 15. Nxd4 g5 16. Bg3 Bxg3 17. hxg3 e5 18. Nb5 Qxd3 19. Bxd3 Rd8 20. Rfd1 Kf8 21. c5 Be6 22. Nd6 b6 23. Rac1 bxc5 24. Nb7 Rd4 25. Nxc5 Bxa2 26. Bf5 Rxd1+ 27. Rxd1 Re8 28. Ra1 Be6 29. Bxe6 fxe6 30. Rxa7 Re7 31. Ra6 Kf7 32. b4 Nd5 33. b5 Rc7 34. Nxe6 Rc1+ 35. Kh2 Nf6 36. f3 e4 37. Nd4 e3 38. Ra2 Rd1 39. Nf5 Nd5 40. Re2 Rd3 41. b6 Kg6 42. b7 Rb3 43. Nxe3 Nxe3 44. Rxe3 Rxb7 45. Re6+ Kg7 46. Kh3 Rf7 47. Kg4 Rb7 48. Kh5 Rb2 49. Rg6+ Kf7 50. Rxh6 Rxg2 51. Kg4 Kg7 52. Ra6 Kf7 53. Ra5 Kf6 54. Rf5+ Ke6 55. Rxg5 Kf6 56. f4 1-0


[Site "https://www.chess.com"]

[Event "Titled Tuesday Blitz January 31 Late 2023"]
[White "Tworuszka, Michal"]
[Black "Holt, Conrad"]
[WhiteFideId "1117858"]
[BlackFideId "2034387"]
[WhiteElo "2260"]
[BlackElo "2540"]
[Result "0-1"]
[Round "03"]
[TimeControl "180+2"]
[Date "2023.01.31"]
[WhiteClock "0:00:06"]
[BlackClock "0:01:02"]

1. d4 d5 2. c4 c6 3. Nf3 Nf6 4. Nc3 dxc4 5. a4 Bf5 6. Ne5 Nbd7 7. Nxc4 Nb6 8. Ne5 a5 9. f3 Nfd7 10. Nd3 Bxd3 11. Qxd3 e5 12. dxe5 Nxe5 13. Qxd8+ Rxd8 14. Be3 Nbc4 15. Bc1 Bc5 16. e4 O-O 17. f4 Nd3+ 18. Bxd3 Rxd3 19. Ke2 Rfd8 20. Rd1 R3d4 21. Rxd4 Bxd4 22. Nd1 g6 23. Rb1 b5 24. b3 Nb6 25. axb5 cxb5 26. Be3 Bxe3 27. Nxe3 Rd4 28. Ra1 a4 29. bxa4 Nxa4 30. Kf3 Kg7 31. g4 Nc3 32. Nd5 Rd3+ 33. Kg2 Nxe4 34. Ra7 Rxd5 0-1


[Site "https://www.chess.com"]

[Event "Titled Tuesday Blitz January 31 Late 2023"]
[White "Yuan, Qingyu"]
[Black "Sanchez, Robert"]
[WhiteFideId "8609772"]
[BlackFideId "2034360"]
[WhiteElo "2373"]
[BlackElo "1966"]
[Result "1/2-1/2"]
[Round "03"]
[TimeControl "180+2"]
[Date "2023.01.31"]
[WhiteClock "0:00:20"]
[BlackClock "0:01:10"]

1. e4 Nc6 2. Nf3 d6 3. d4 Nf6 4. Nc3 d5 5. e5 Ne4 6. Bd3 Bf5 7. Qe2 Nxc3 8. bxc3 Bxd3 9. Qxd3 e6 10. h4 Be7 11. Bg5 h6 12. Bd2 Qd7 13. Rb1 Na5 14. O-O b6 15. Qa6 Nc4 16. Bf4 O-O 17. Rfe1 c5 18. g3 Rfc8 19. Rb3 Na5 20. Rb2 Nc4 21. Rb3 Na5 22. Rb2 Nc4 23. Rb3 1/2-1/2


[Site "https://www.chess.com"]

[Event "Titled Tuesday Blitz January 31 Late 2023"]
[White "Prydun, Andriy"]
[Black "Paichadze, Luka"]
[WhiteFideId "14145898"]
[BlackFideId "13602934"]
[WhiteElo "2134"]
[BlackElo "2515"]
[Result "1-0"]
[Round "03"]
[TimeControl "180+2"]
[Date "2023.01.31"]
[WhiteClock "0:00:15"]
[BlackClock "0:00:08"]

1. e4 c6 2. d4 d5 3. e5 Bf5 4. Bd3 Bxd3 5. cxd3 e6 6. Nc3 Ne7 7. Nf3 Nf5 8. O-O Be7 9. g4 Nh4 10. Nxh4 Bxh4 11. f4 h6 12. f5 Qb6 13. Ne2 Nd7 14. Kh1 O-O-O 15. Rb1 Rde8 16. b4 Kb8 17. a4 Bd8 18. Be3 f6 19. b5 exf5 20. a5 Qxa5 21. bxc6 Nb6 22. Bf4 g5 23. Bd2 Qa3 24. Rb3 Qa4 25. cxb7 f4 26. Qc2 Re7 27. exf6 Rc7 28. Qb1 Bxf6 29. Nxf4 Re8 30. Rxb6 axb6 31. Qxb6 Bxd4 32. Qg6 gxf4 33. Bxf4 Be5 34. Re1 Qxf4 35. Qxe8+ Kxb7 36. Qxe5 Qf3+ 37. Kg1 Qxg4+ 38. Qg3 Qd4+ 39. Kh1 Rc2 40. Rb1+ Ka7 41. Qf3 Rc7 42. Rf1 Re7 43. Rb1 Qc3 44. Rf1 Re1 45. Qf2+ d4 46. Qxe1 Qc6+ 47. Kg1 Qg6+ 48. Qg3 Qe6 49. Qf3 Qg6+ 50. Qg2 Qe6 51. Qf2 Qg6+ 52. Kh1 Qxd3 53. Qf3 Qc4 54. Ra1+ Kb6 55. Qd1 Qc5 56. Rb1+ Kc7 57. Rc1 Kd6 58. Rxc5 Kxc5 59. Qd3 Kd5 60. Kg2 Ke5 61. Kh3 Kf4 62. Kh4 h5 63. Kxh5 Ke5 64. h4 Kf4 65. Kg6 Kg4 66. h5 Kf4 67. h6 Ke5 68. h7 Kf4 69. h8=Q Kg4 70. Qhxd4# 1-0


[Site "https://www.chess.com"]

[Event "Titled Tuesday Blitz January 31 Late 2023"]
[White "Kilic, Eray"]
[Black "Garrido, Denis"]
[WhiteFideId "44517173"]
[BlackFideId "601217"]
[WhiteElo "2414"]
[BlackElo "2205"]
[Result "1-0"]
[Round "03"]
[TimeControl "180+2"]
[Date "2023.01.31"]
[WhiteClock "0:00:14"]
[BlackClock "0:00:19"]

1. e4 e5 2. Nf3 Nc6 3. Bb5 a6 4. Ba4 Nf6 5. O-O b5 6. Bb3 Bc5 7. c3 d6 8. d4 Bb6 9. a4 Rb8 10. a5 Ba7 11. Re1 O-O 12. h3 Bb7 13. Be3 exd4 14. cxd4 Nb4 15. e5 dxe5 16. Nxe5 Nbd5 17. Nc3 Nxc3 18. bxc3 Bd5 19. Rc1 c5 20. dxc5 Bxb3 21. Qxb3 Qc7 22. Nd3 Ne4 23. Bf4 Nxc5 24. Qd1 Qxa5 25. Bxb8 Rxb8 26. Nxc5 Bxc5 27. Qd5 Qb6 28. Rc2 Rd8 29. Qf3 g6 30. Rce2 Kg7 31. g4 h6 32. Re8 Rd2 33. R1e2 Rxe2 34. Qxe2 Qf6 35. Qd2 Qf3 36. Qe2 Qf6 37. c4 bxc4 38. Re4 c3 39. Rc4 Bd4 40. Kg2 a5 41. f3 Qb6 42. h4 Qb2 43. Kf1 Qc1+ 44. Qe1 Qf4 45. Qe4 Qc1+ 46. Qe1 Qf4 47. Qd1 Qe3 48. Qxd4+ Qxd4 49. Rxd4 c2 50. Rc4 a4 51. Rxc2 a3 52. Ra2 1-0


[Site "https://www.chess.com"]

[Event "Titled Tuesday Blitz January 31 Late 2023"]
[White "Sohier, Julien"]
[Black "Bartel, Mateusz"]
[WhiteFideId "645346"]
[BlackFideId "1112635"]
[WhiteElo "2214"]
[BlackElo "2609"]
[Result "0-1"]
[Round "03"]
[TimeControl "180+2"]
[Date "2023.01.31"]
[WhiteClock "0:00:07"]
[BlackClock "0:00:06"]

1. e4 c6 2. Nf3 d5 3. d3 dxe4 4. dxe4 Qxd1+ 5. Kxd1 g6 6. a4 Bg4 7. Be2 Nd7 8. Ne1 Be6 9. Nd3 Bg7 10. Nf4 Nc5 11. Nxe6 Nxe6 12. Nc3 O-O-O+ 13. Ke1 Nf6 14. Be3 Nd4 15. Bd3 Nd7 16. f3 Nc5 17. Kf2 Nxd3+ 18. cxd3 f5 19. Rab1 Rd7 20. Ne2 Nc2 21. Rhd1 Rhd8 22. Nc1 fxe4 23. Bxa7 exd3 24. Bb6 Bd4+ 25. Bxd4 Rxd4 26. b3 e5 27. Rb2 Nb4 28. Na2 Nxa2 29. Rxa2 e4 30. fxe4 Rxe4 31. Rad2 Red4 32. Ke3 Rb4 33. Rxd3 Re8+ 34. Kf3 Re7 35. h3 Kc7 36. R1d2 Rf7+ 37. Kg3 Re7 38. Kf3 h5 39. Re2 Rf7+ 40. Kg3 h4+ 41. Kh2 g5 42. Re5 g4 43. hxg4 Rxg4 44. Ree3 Rf2 45. Re7+ Kb6 46. Rdd7 Rfxg2+ 47. Kh3 R2g3+ 48. Kh2 Rg2+ 49. Kh3 R2g3+ 50. Kh2 Kc5 51. Rxb7 Rd4 52. Re5+ Kd6 53. Re2 Rdd3 54. Rh7 Rh3+ 55. Kg2 Rdg3+ 56. Kf2 Rxb3 57. Rh6+ Kc7 58. Re7+ Kb6 59. Re2 Rbf3+ 60. Ke1 Ra3 61. Rb2+ Ka5 62. Rxc6 Rh1+ 63. Kd2 Rh2+ 64. Kc1 Ra1+ 65. Rb1 Rh1+ 0-1


[Site "https://www.chess.com"]

[Event "Titled Tuesday Blitz January 31 Late 2023"]
[White "Goltsev, Dmitry"]
[Black "Naroditsky, Daniel"]
[WhiteFideId "24176710"]
[BlackFideId "2026961"]
[WhiteElo "2269"]
[BlackElo "2618"]
[Result "1-0"]
[Round "03"]
[TimeControl "180+2"]
[Date "2023.01.31"]
[WhiteClock "0:00:18"]
[BlackClock "0:00:03"]

1. e4 c6 2. d4 d5 3. Nc3 dxe4 4. Nxe4 Nf6 5. Nxf6+ gxf6 6. g3 Qd5 7. Nf3 Bf5 8. Bg2 Qe4+ 9. Be3 Qxc2 10. Nh4 Qxd1+ 11. Rxd1 Bg4 12. f3 Be6 13. b3 Bd5 14. O-O e6 15. Rfe1 Nd7 16. Kf2 Bb4 17. Bd2 Bxd2 18. Rxd2 O-O-O 19. Bf1 f5 20. Ng2 Nf6 21. Nf4 Rd7 22. Rc1 Rhd8 23. Ke3 Kb8 24. b4 a6 25. a4 Bb3 26. b5 cxb5 27. axb5 e5 28. Ne2 axb5 29. Rb2 exd4+ 30. Nxd4 Rxd4 31. Rxb3 b4 32. Bc4 f4+ 33. gxf4 Nh5 34. Rxb4 Nxf4 35. Rcb1 Nd5+ 36. Kxd4 Nxb4+ 37. Ke5 Nc6+ 38. Kf6 Rd4 39. Bxf7 Rf4+ 40. Kg7 Ne7 41. Bh5 Rh4 42. Rb5 Rxh2 43. Kxh7 Kc7 44. Kg7 Kc6 45. Re5 Kd6 46. Rb5 Nd5 47. Bf7 Rg2+ 48. Kf8 Nf6 49. Rb6+ Ke5 50. Rxb7 Rf2 51. Rb5+ Kf4 52. Be6 Nh7+ 53. Kg7 Ng5 54. Rf5+ Ke3 55. Rxg5 Kxf3 56. Ra5 Re2 57. Kf6 Kf4 58. Ra4+ Re4 59. Ra1 Re3 60. Bf5 Rb3 61. Ra4+ Ke3 62. Kg5 Kd2 63. Be4 Ke3 64. Bf5 Kd2 65. Kf4 Kc3 66. Be4 Rb4 67. Ra3+ Kd4 68. Ra8 Kc3 69. Ke5 Rb5+ 70. Bd5 Kb4 71. Ra1 Kc3 72. Rh1 Kb4 73. Kd4 Ka3 74. Bc4 Rg5 75. Kc3 Rg3+ 76. Bd3 Ka2 77. Rh5 1-0


[Site "https://www.chess.com"]

[Event "Titled Tuesday Blitz January 31 Late 2023"]
[White "Dubov, Daniil"]
[Black "Bazeev, German"]
[WhiteFideId "24126055"]
[BlackFideId "24119350"]
[WhiteElo "2708"]
[BlackElo "2369"]
[Result "1-0"]
[Round "03"]
[TimeControl "180+2"]
[Date "2023.01.31"]
[WhiteClock "0:00:13"]
[BlackClock "0:00:17"]

1. d4 Nf6 2. Nf3 e6 3. Bg5 h6 4. Bxf6 Qxf6 5. e4 d6 6. Bc4 g5 7. c3 Qe7 8. Na3 Bg7 9. Nc2 Nc6 10. Ne3 Bd7 11. O-O h5 12. a4 g4 13. Nd2 Bh6 14. a5 a6 15. Qe2 Qg5 16. b4 Ne7 17. Rab1 Ng6 18. g3 c6 19. Rbe1 h4 20. e5 d5 21. Bd3 O-O-O 22. Nb3 Kc7 23. Nxg4 Bg7 24. Nc5 Rdg8 25. f4 Qh5 26. Nf6 Bxf6 27. Qxh5 Rxh5 28. exf6 hxg3 29. hxg3 Nxf4 30. Rxf4 Rxg3+ 31. Kf2 Rhg5 32. Bf1 Bc8 33. Nd3 1-0


[Site "https://www.chess.com"]